 Dungeon Crawl Stone Soup version 0.16.1-11-g651b585 (webtiles) character file.

41 Magnus the Charmwright (level 3, -2/28 HPs)
             Began as a Demonspawn Skald on Apr 5, 2015.
             Slain by Crazy Yiuf
             ... wielding a +2 quarterstaff of chaos
              (5 damage)
             ... on level 2 of the Dungeon.
             The game lasted 00:10:42 (1592 turns).

Magnus the Charmwright (Demonspawn Skald)           Turns: 1592, Time: 00:10:42

Health: -2/28      AC:  3    Str: 13    XL:     3   Next: 32%
Magic:  4/6        EV: 11    Int: 13    God:
Gold:   69         SH:  0    Dex: 12    Spells: 3 memorised, 0 levels left

rFire  . . .     SeeInvis .     j - +2 dagger (speed)
rCold  . . .     Clarity  .     b - +0 leather armour
rNeg   . . .     SustAb   .     (no shield)
rPois  .         Gourm    .     (no helmet)
rElec  .         Spirit   .     (no cloak)
rCorr  .         Warding  .     (no gloves)
rMut   .         Stasis   .     (no boots)
MR     .....                    (no amulet)
Stlth  +.........               (no ring)
                                (no ring)

@: not resistant to hostile enchantments, very unstealthy
A: spiny 1
a: no special abilities


You were on level 2 of the Dungeon.
You were not hungry.

You visited 1 branch of the dungeon, and saw 2 of its levels.

You collected 69 gold pieces.

Inventory:

Hand weapons
 a - a +0 falchion
 j - a +2 dagger of speed (weapon)
Armour
 b - a +0 leather armour (worn)
 l - a +0 ring mail
Jewellery
 f - an uncursed amulet of faith
Scrolls
 e - a scroll of fear {unknown}
 o - a scroll of blinking
Potions
 h - a potion of lignification
 i - a potion of flight {unknown}
 n - a potion of resistance
Books
 c - a book of Battle

   Spells                             Type                      Level
   a - Infusion                       Charms                       1
   b - Shroud of Golubria             Charms/Translocation         2
   c - Song of Slaying                Charms                       2
   d - Spectral Weapon                Hexes/Charms                 3
   e - Regeneration                   Charms/Necromancy            3
Miscellaneous
 g - a plain deck of wonders
Comestibles
 d - 2 bread rations
 k - a beef jerky
 m - a meat ration


   Skills:
 + Level 2.8 Fighting
 + Level 2.2 Long Blades
 - Level 0.8 Armour
 - Level 0.8 Dodging
 - Level 2.0 Spellcasting
 + Level 3.2 Charms


You couldn't memorise any spells.
You knew the following spells:

 Your Spells              Type           Power        Failure   Level  Hunger
a - Infusion              Chrm           #.....       12%         1    ##.....
b - Song of Slaying       Chrm           #.......     14%         2    ###....
c - Spectral Weapon       Hex/Chrm       #.......     54%         3    ####...


Dungeon Overview and Level Annotations

Branches:
Dungeon (2/15)

Altars:
Nemelex Xobeh
Ru

Annotations:
D:2 Crazy Yiuf


Innate Abilities, Weirdness & Mutations

You are partially covered in sharp spines.


Message History

You hit Crazy Yiuf but do no damage.
Crazy Yiuf is severely wounded.
Your spectral weapon hits Crazy Yiuf but does no damage.
Crazy Yiuf hits you with a quarterstaff of chaos.
You hit Crazy Yiuf but do no damage.
Crazy Yiuf is severely wounded.
Your spectral weapon barely misses Crazy Yiuf.
You barely miss Crazy Yiuf.
Crazy Yiuf is severely wounded.
Your spectral weapon hits Crazy Yiuf.
Crazy Yiuf hits you with a quarterstaff of chaos!
* * * LOW HITPOINT WARNING * * *
You completely miss Crazy Yiuf.
Crazy Yiuf is almost dead.
Your spectral weapon completely misses Crazy Yiuf.
You barely miss Crazy Yiuf.
Crazy Yiuf is almost dead.
Your spectral weapon hits Crazy Yiuf but does no damage.
Crazy Yiuf hits you with a quarterstaff of chaos.
You die...

#..............###.#
#.....#........##..#
#...............#.########
###########..............##
#...#.########... #...#.#
#### ### ♣♣##...#.## #)..#
♣♣.#.......##
#....g♣♣♣♣.Pg@.<.....#
♣..♣.PP.(......##
♣♣♣.♣..#...##### ♣♣♣♣♣#####


You could see Crazy Yiuf and a friendly spectral dagger of speed.

Vanquished Creatures
  An adder (D:2)
  A giant gecko (D:1)
  An ooze (D:1)
  2 giant cockroaches
  7 hobgoblins
  5 bats
  4 giant newts (D:1)
  4 goblins (D:1)
  3 kobolds (D:2)
  3 rats
31 creatures vanquished.

Notes
Turn   | Place    | Note
--------------------------------------------------------------
     0 | D:1      | Magnus, the Demonspawn Skald, began the quest for the Orb.
     0 | D:1      | Reached XP level 1. HP: 16/16 MP: 3/3
   174 | D:1      | Gained mutation: You are partially covered in sharp spines. [demonic ancestry]
   174 | D:1      | Reached XP level 2. HP: 20/22 MP: 4/4
   551 | D:1      | Reached skill level 3 in Charms
   973 | D:1      | Learned a level 2 spell: Song of Slaying
  1063 | D:2      | Found a sparkling altar of Nemelex Xobeh.
  1088 | D:2      | Reached XP level 3. HP: 28/28 MP: 6/6
  1126 | D:2      | Found a sacrificial altar of Ru.
  1562 | D:2      | Learned a level 3 spell: Spectral Weapon
  1572 | D:2      | Noticed Crazy Yiuf
  1592 | D:2      | Slain by Crazy Yiuf

Action                   || total
-------------------------++-------
Melee: Falchion          ||    32
       Dagger            ||    64
 Cast: Infusion          ||     1
       Song of Slaying   ||     1
       Spectral Weapon   ||     1
  Use: Scroll            ||     7
       Potion            ||     4
  Eat: Bread ration      ||     1
       Chunk             ||     1
